AoeStats
← Xtreme | ticohzao

African Clearing

506001170Analyzed
4v4 RM · 21d ago on Sep 12, 2026· 54m 20s· 8 players
Game mode
Random Map
Map size
Large (8 player)
Population
200
Speed
Normal
Resources
Standard
Victory
Conquest
Starting age
Dark Age
Ending age
Imperial Age
RankedLock teamsTeams togetherTeam positionsShared explorationLock speedFull tech treeHidden civsTurbo modeCheats
Victory
Defeat
🇲🇽 Huns · Mexico
1592
+13
🇦🇷 Berbers · Argentina
1557
+15
🇲🇽 Vietnamese · Mexico
1556
+15
🇦🇷 Japanese · Argentina
1551
+15
🇧🇷 Koreans · Brazil
1685
-21
🇨🇷 Tatars · Costa Rica
1562
-16
🇧🇷 Lithuanians · Brazil
1462
-12
🇧🇷 Persians · Brazil
1399
-9
EXILE | Obi
3:31 Loom
14:04 Feudal Age
17:54 Castle Age
16:17 Double-Bit Axe
16:44 Fletching
21:11 Bodkin Arrow
32:09 Town Watch
33:00 Wheelbarrow
38:32 Horse Collar
39:03 Bow Saw
40:23 Hand Cart
42:25 Heavy Plow
49:18 Imperial Age
47:26 Gold Mining
47:29 Stone Mining
48:12 Padded Archer Armor
48:43 Thumb Ring
48:52 Bloodlines
48:42 Husbandry
49:22 Stone Shaft Mining
49:25 Gold Shaft Mining
49:19 Elite Camel Archer
50:15 Bracer
50:31 Leather Archer Armor
50:38 Maghrebi Camels
51:08 Conscription
51:33 Ballistics
52:14 Chemistry
51:49 Conscription
amtiky
12:06 Loom
14:26 Feudal Age
14:54 Double-Bit Axe
20:23 Castle Age
19:24 Gold Mining
19:57 Fishing Lines
21:01 Fletching
22:28 Gillnets
24:07 Bodkin Arrow
25:02 Padded Archer Armor
25:56 Bloodlines
27:34 Thumb Ring
28:12 Husbandry
28:50 Bow Saw
28:20 Horse Collar
29:47 Wheelbarrow
29:13 Heavy Plow
36:22 Imperial Age
33:44 Stone Mining
34:50 Hand Cart
35:51 Gold Shaft Mining
36:48 Leather Archer Armor
37:15 Bracer
38:02 Ballistics
38:42 Chemistry
38:24 Yasama
38:38 Heavy Cavalry Archer
39:58 Guard Tower
39:48 Capped Ram
41:45 Keep
41:39 Parthian Tactics
42:02 Scale Mail Armor
41:23 Pikeman
42:03 Squires
42:33 Forging
42:10 Halberdier
42:35 Arson
43:11 Treadmill Crane
43:48 Chain Mail Armor
45:20 Plate Mail Armor
47:23 Man-at-Arms
47:48 Gambesons
49:19 Coinage
51:01 Ring Archer Armor
51:09 Iron Casting
51:35 Two-Man Saw
50:59 Conscription
51:44 Ring Archer Armor
53:44 Hoardings
53:00 Elite Samurai
EXILE | Neany
3:29 Loom
14:22 Feudal Age
19:03 Castle Age
17:31 Double-Bit Axe
17:31 Horse Collar
24:05 Heavy Plow
25:15 Bow Saw
29:41 Wheelbarrow
29:31 Gold Mining
34:56 Imperial Age
32:48 Scale Barding Armor
32:54 Forging
32:59 Stone Mining
33:49 Fortified Wall
34:31 Bloodlines
34:22 Husbandry
34:44 Chain Barding Armor
35:00 Iron Casting
36:04 Elite Battle Elephant
37:53 Plate Barding Armor
38:31 Chatras
38:53 Paper Money
39:58 Sappers
43:18 Coinage
45:25 Hoardings
47:10 Elite Fire Lancer
47:35 Arson
47:53 Squires
48:00 Scale Mail Armor
47:51 Fletching
49:42 Chain Mail Armor
50:53 Plate Mail Armor
HK | El Chairo
9:01 Loom
11:25 Feudal Age
12:34 Double-Bit Axe
14:53 Scale Barding Armor
15:56 Horse Collar
19:03 Forging
21:38 Scale Mail Armor
21:54 Bloodlines
27:50 Castle Age
28:23 Gold Mining
28:58 Bow Saw
28:49 Heavy Plow
28:13 Light Cavalry
29:13 Husbandry
32:49 Wheelbarrow
32:47 Pikeman
36:05 Hand Cart
39:41 Imperial Age
37:19 Town Watch
37:36 Marauders
38:20 Chain Barding Armor
38:36 Iron Casting
39:09 Iron Casting
38:20 Town Watch
38:59 Town Watch
39:53 Elite Tarkan
41:17 Plate Barding Armor
41:43 Blast Furnace
41:42 Gold Shaft Mining
40:58 Stone Mining
42:09 Two-Man Saw
41:49 Squires
41:35 Arson
42:10 Pikeman
42:43 Fletching
43:18 Conscription
43:37 Chain Mail Armor
43:08 Halberdier
46:30 Coinage
47:46 Banking
47:27 Town Patrol
49:46 Bodkin Arrow
51:13 Ballistics
50:54 Bracer
51:56 Chemistry
51:07 Masonry
50:52 Murder Holes
51:51 Caravan
Xtreme | ticohzao
3:33 Loom
13:04 Feudal Age
18:05 Castle Age
17:04 Gold Mining
23:27 Double-Bit Axe
24:19 Scale Barding Armor
25:29 Forging
28:32 Gold Shaft Mining
31:07 Wheelbarrow
32:00 Husbandry
32:29 Town Watch
35:41 Bow Saw
36:38 Town Patrol
37:15 Horse Collar
38:12 Bloodlines
41:01 Imperial Age
38:57 Heavy Plow
40:28 Chain Barding Armor
40:44 Iron Casting
40:37 Stone Mining
41:17 Hand Cart
42:39 Plate Barding Armor
41:26 Cavalier
45:01 Blast Furnace
[KoFu] Might_lloll
13:42 Feudal Age
14:00 Loom
17:37 Castle Age
15:35 Double-Bit Axe
15:48 Fishing Lines
19:10 Bow Saw
30:35 Wheelbarrow
29:57 Gillnets
30:10 Horse Collar
32:36 Ballistics
35:44 Imperial Age
33:46 Eupseong
33:40 Fletching
37:11 Conscription
37:59 Chemistry
37:00 Bodkin Arrow
38:37 Hand Cart
38:45 Bracer
39:28 Heavy Plow
39:12 Pikeman
40:08 Arrowslits
40:35 Masonry
41:04 Forging
40:54 Scale Mail Armor
40:46 Halberdier
42:25 Iron Casting
43:22 Chain Mail Armor
44:03 Squires
45:13 Plate Mail Armor
47:09 Two-Man Saw
47:43 Elite Skirmisher
51:29 Guilds
52:44 Stone Mining
53:22 Siege Engineers
El Procurador
9:27 Loom
11:39 Feudal Age
12:31 Double-Bit Axe
17:08 Town Watch
18:16 Forging
19:19 Wheelbarrow
25:06 Castle Age
28:09 Bow Saw
32:07 Horse Collar
36:39 Gold Mining
40:26 Imperial Age
38:30 Scale Barding Armor
39:01 Iron Casting
39:23 Bloodlines
39:13 Husbandry
40:08 Scale Mail Armor
39:57 Pikeman
40:37 Squires
40:55 Arson
40:43 Halberdier
42:16 Chain Mail Armor
43:13 Conscription
44:20 Tower Shields
45:51 Fletching
46:01 Padded Archer Armor
45:43 Elite Skirmisher
47:26 Bodkin Arrow
47:47 Leather Archer Armor
47:52 Thumb Ring
49:23 Hand Cart
49:33 Ballistics
50:13 Chemistry
50:36 Ring Archer Armor
50:07 Bracer
Draga
7:42 Loom
14:03 Feudal Age
21:14 Horse Collar
22:05 Double-Bit Axe
25:37 Castle Age
27:49 Scale Barding Armor
28:10 Bow Saw
28:01 Heavy Plow
30:01 Wheelbarrow
29:53 Fishing Lines
32:18 Hand Cart
35:37 Chain Barding Armor
36:25 Forging
36:30 Gold Mining
39:41 Iron Casting
42:31 Imperial Age
41:31 Iron Casting
43:21 Husbandry
43:32 Bloodlines
44:45 Plate Barding Armor
46:37 Blast Furnace
47:14 Elite Keshik
50:15 Conscription
Connection lost

Rejoining the realm…

Still unreachable

The connection could not be restored.

Session expired

The server has moved on; the page needs a fresh start.